 Dungeon Crawl Stone Soup version 0.26.0-41-g79a4fc7684 (webtiles) character file.

Game seed: 15192583814104013411

20598 Hehehe the Cleaver (level 12, -1/165 HPs)
             Began as a Deep Dwarf Fighter on Jan 26, 2021.
             Was a High Priest of Makhleb.
             Slain by Snorg (13 damage)
             ... on level 1 of the Orcish Mines.
             The game lasted 00:44:58 (10839 turns).

Hehehe the Cleaver (Deep Dwarf Fighter)            Turns: 10839, Time: 00:44:58

Health: -1/165     AC: 18    Str: 27    XL:     12   Next: 46%
Magic:  7/7        EV: 14    Int: 10    God:    Makhleb [*****.]
Gold:   1035       SH:  0    Dex: 18    Spells: 11/11 levels left

rFire    + . .     SeeInvis +   j - +8 battleaxe
rCold    . . .     Faith    .   (shield currently unavailable)
rNeg     + . .     Spirit   .   o - +2 scale mail {rF+}
rPois    .         Reflect  .   t - +0 helmet
rElec    .         Harm     .   b - +0 cloak
rCorr    .         Rampage  .   k - +0 pair of gloves
Will     +....                  n - +1 pair of boots
Stlth    ..........             (no amulet)
HPRegen  0.00/turn              l - ring of positive energy
MPRegen  0.10/turn              y - ring of Iniumig {Str+3 Dex+6 SInv}

@: berserking (expiring), non-regenerating, very quick
A: damage resistance, heal wounds, sense surroundings 2, no regeneration
a: Heal Wounds, Renounce Religion, Minor Destruction, Lesser Servant of Makhleb,
Major Destruction, Greater Servant of Makhleb


You were on level 1 of the Orcish Mines.
You worshipped Makhleb.
Makhleb was extremely pleased with you.
You visited 4 branches of the dungeon, and saw 16 of its levels.
You also visited: Sewer.

You collected 1035 gold pieces.

Inventory:

Hand Weapons
 a - a +0 war axe
 d - the +4 mace "Jaonwel" {drain, rN+}
   (You took it off an orc warrior on level 5 of the Dungeon)

   A truly terrible weapon, it drains the life of those it strikes.
   It protects you from negative energy.
 j - a +8 battleaxe (weapon)
 G - a +7 flail of freezing
Armour
 b - a +0 cloak (worn)
 c - a +0 kite shield
 k - a +0 pair of gloves (worn)
 n - a +1 pair of boots (worn)
 o - a +2 scale mail of fire resistance (worn)
 s - the +1 leather armour of Riarghoz {-Cast +Fly rC+++ Dex-4}
   (You took it off an orc on level 5 of the Dungeon)

   It affects your dexterity (-4).
   It renders you almost immune to cold.
   It lets you fly.
   It prevents spellcasting.
 t - a +0 helmet (worn)
 x - +0 steam dragon scales
 N - +0 acid dragon scales
Jewellery
 l - a ring of positive energy (left hand)
 q - an uncursed ring of ice
 y - the ring of Iniumig (right hand) {Str+3 Dex+6 SInv}
   (You acquired it on level 8 of the Dungeon)

   [ring of see invisible]

   It affects your strength (+3).
   It affects your dexterity (+6).
   It lets you see invisible.
 A - a +6 ring of dexterity
 C - an uncursed ring of positive energy
 E - an uncursed ring of ice
 J - an uncursed ring of magical power
 L - an uncursed ring of willpower
Wands
 h - a wand of digging (5)
 p - a wand of polymorph (3)
 u - a wand of disintegration (3)
 v - a wand of acid (11)
 B - a wand of flame (26)
 K - a wand of enslavement (10)
Scrolls
 f - a scroll of fear
 m - 3 scrolls of amnesia
 r - a scroll of blinking
 z - 2 scrolls of enchant armour
 D - 2 scrolls of fog
 F - 2 scrolls of teleportation
 H - 5 scrolls of remove curse
 I - 4 scrolls of magic mapping
 M - a scroll of identify
Potions
 e - 6 potions of brilliance
 g - a potion of flight
 i - a potion of invisibility
 w - a potion of attraction
 P - a potion of berserk rage


   Skills:
 - Level 7.6 Fighting
 + Level 13.5(14.0) Axes
 - Level 6.3(10.3) Maces & Flails
 + Level 11.6 Armour
 - Level 5.4 Dodging
 - Level 0.4 Stealth
 - Level 4.5 Shields
 - Level 4.0 Invocations
 + Level 7.0 Evocations


You had 11 spell levels left.
You didn't know any spells.
Your spell library contained the following spells:

 Spells                   Type           Power        Failure   Level
 Animate Skeleton         Necr           0%           56%         1
 Apportation              Tloc           0%           56%         1
 Beastly Appendage        Tmut           0%           56%         1
 Corona                   Hex            0%           56%         1
 Summon Small Mammal      Summ           0%           56%         1
 Call Imp                 Summ           0%           71%         2
 Wereblood                Tmut           0%           71%         2
 Call Canine Familiar     Summ           0%           91%         3
 Spider Form              Tmut/Pois      0%           91%         3
 Summon Guardian Golem    Hex/Summ       0%           91%         3
 Ice Form                 Ice/Tmut       0%           100%        4
 Summon Ice Beast         Ice/Summ       0%           100%        4
 Summon Lightning Spire   Summ/Air       0%           100%        4
 Blade Hands              Tmut           0%           100%        5


Dungeon Overview and Level Annotations

Branches:
Dungeon (13/15)            Temple (1/1) D:6            Lair (1/6) D:8
    Orc (1/2) D:10          Sewer (visited)
 Vaults: D:13-14

Altars:
Ashenzari
Cheibriados
Dithmenos
Elyvilon
Fedhas
Gozag
Hepliaklqana
Kikubaaqudgha
Makhleb
Nemelex Xobeh
Okawaru
Qazlal
Ru
Sif Muna
Trog
Uskayaw
Vehumet
Wu Jian
Xom
Yredelemnul
Zin
The Shining One
Beogh

Shops:
D:7 (   D:10 (

Portals:
Trove: D:11 (give +3 shadow dragon scales)

Annotations:
Orc:1 Snorg


Innate Abilities, Weirdness & Mutations

You are resistant to damage.
You can heal yourself by infusing magical energy.
You passively map the area around you.
You do not regenerate.


Message History

* * * LOW HITPOINT WARNING * * *
Snorg misses you. Snorg claws you!
* * * LOW HITPOINT WARNING * * *
You closely miss Snorg.
Snorg is almost dead.
Snorg bites you!
* * * LOW HITPOINT WARNING * * *
Snorg claws you but does no damage. x2; The orc barely misses you.
You closely miss Snorg.
Snorg is almost dead.
Snorg closely misses you. Snorg claws you!
* * * LOW HITPOINT WARNING * * *
Snorg claws you!
* * * LOW HITPOINT WARNING * * *
The orc misses you.
You are too berserk!
You barely miss Snorg.
Snorg is almost dead.
Snorg completely misses you. Snorg misses you. Snorg claws you!
You die...

, * , , ** , ,
*...#. *, .## ,
* * .... ,....
* * * , , *#...
* #.... * , * ,
, ,...###....#*
, ,, , .,
.....$...# ,,
,,>..,,
o.......# *
...$.##)T....##
* , , * ,
#.)@).....#* ,
* #..))).#....*
* , #....### ,
.* * ......# *,
, , , *
*#.#....$#* , ,
* ...##.... *
... #.... , *
,.. ####. , ,
,,


You could see Snorg (berserk) and an orc.

Vanquished Creatures
  2 hydras (D:11)
  3 boulder beetles
  Fannar (Lair:1)
  A two-headed ogre (D:9)
  An unseen horror (D:12)
  An ugly thing (D:11)
  5 cyclopes
  A manticore (D:13)
  Joseph (D:7)
  2 gargoyles
  Maggie (Lair:1)
  3 cane toads (Lair:1)
  2 komodo dragons (Lair:1)
  A kobold demonologist (D:11)
  3 trolls
  A hornet (D:12)
  8 yaks
  2 wyverns
  A basilisk (D:12)
  Grum (D:9)
  An acid dragon (D:11)
  2 black bears
  2 phantoms
  2 water moccasins (Lair:1)
  8 orc warriors
  2 ice beasts
  A sky beast (D:12)
  Purgy (Sewer)
  7 ogres
  2 centaurs
  6 necrophages
  8 wolves
  4 big kobolds
  4 bullfrogs (Lair:1)
  A gnoll sergeant (D:10)
  A water moccasin zombie (D:12)
  A wyvern skeleton (D:9)
  A wyvern zombie (D:8)
  2 scorpions
  11 killer bees
  5 wights (D:8)
  7 howler monkeys
  A bullfrog zombie (D:12)
  3 jellies
  2 quasits
  A centaur skeleton (D:8)
  12 orc wizards
  14 orc priests
  6 hounds
  2 iguanas (D:5)
  8 worker ants
  Ijyb (D:4)
  A hound skeleton (D:8)
  A worker ant zombie (D:5)
  A howler monkey zombie (D:8)
  5 gnolls (D:10)
  2 howler monkey skeletons
  18 adders
  3 shadow imps
  A white imp (D:10)
  2 ufetubi
  3 oozes
  2 adder skeletons
  3 worms (D:2)
  The ghost of Snicker the Sneak, a weakling DsDe (D:5)
  A dart slug (D:2)
  9 leopard geckos
  85 orcs
  10 bats
  11 giant cockroaches
  10 goblins
  10 hobgoblins
  19 jackals
  19 kobolds
  3 quokkas
  A ball python (D:3)
  5 frilled lizards
  A jackal skeleton (D:6)
  2 leopard gecko skeletons
  A quokka skeleton (D:2)
  A quokka zombie (D:6)
  5 rats
406 creatures vanquished.

Vanquished Creatures (others)
  5 plants (Lair:1)
5 creatures vanquished.

Grand Total: 411 creatures vanquished

Notes
Turn   | Place    | Note
-------+----------+-------------------------------------------
     0 | D:1      | Hehehe the Deep Dwarf Fighter began the quest for the Orb.
     0 | D:1      | Reached XP level 1. HP: 20/20 MP: 1/1
   166 | D:1      | Reached skill level 3 in Axes
   166 | D:1      | Reached XP level 2. HP: 25/27 MP: 2/2
   323 | D:1      | Reached skill level 1 in Dodging
   366 | D:1      | Reached XP level 3. HP: 27/33 MP: 3/3
   734 | D:2      | Reached skill level 4 in Axes
   809 | D:2      | Reached XP level 4. HP: 38/40 MP: 4/4
  1145 | D:2      | Reached skill level 5 in Axes
  1367 | D:3      | Reached XP level 5. HP: 43/46 MP: 5/5
  1554 | D:3      | Reached skill level 6 in Axes
  1809 | D:4      | Found a stormy altar of Qazlal.
  1937 | D:4      | Reached XP level 6. HP: 52/56 MP: 6/6
  2176 | D:4      | Found an iron altar of Okawaru.
  2180 | D:4      | Reached skill level 7 in Axes
  2205 | D:4      | Noticed Ijyb
  2216 | D:4      | Killed Ijyb
  2674 | D:5      | Entered Level 5 of the Dungeon
  2685 | D:5      | Reached XP level 7. HP: 42/62 MP: 7/7
  2686 | D:5      | Found a bloodstained altar of Trog.
  2785 | D:5      | Reached skill level 8 in Axes
  2792 | D:5      | Found a runed translucent gate.
  2793 | D:5      | Found a runed translucent gate.
  2793 | D:5      | Found a runed translucent gate.
  2794 | D:5      | Identified the +1 leather armour of Riarghoz {-Cast +Fly
                  | rC+++ Dex-4}
  2794 | D:5      | Noticed Snicker's ghost (weakling DsDe)
  2796 | D:5      | Identified the +4 mace "Jaonwel" {drain, rN+}
  2796 | D:5      | Identified the cursed +1 plate armour "Rean" {Harm *Slow
                  | rF+ rC++}
  2797 | D:5      | Found a roughly hewn altar of Beogh.
  3619 | D:5      | Killed Snicker's ghost
  4226 | D:6      | Reached XP level 8. HP: 54/69 MP: 8/8
  4333 | D:6      | Found a staircase to the Ecumenical Temple.
  4386 | D:6      | Found a glowing drain.
  4421 | Sewer    | Entered a sewer
  4438 | Sewer    | Noticed Purgy
  4452 | Sewer    | Killed Purgy
  4453 | Sewer    | Reached skill level 9 in Axes
  4544 | Sewer    | Reached skill level 5 in Armour
  4711 | Temple   | Entered the Ecumenical Temple
  5041 | D:6      | Reached skill level 10 in Axes
  5043 | D:6      | Gained mutation: You passively map the area around you.
                  | [Deep Dwarf growth]
  5043 | D:6      | Reached XP level 9. HP: 29/79 MP: 9/9
  5088 | D:6      | Found an opulent altar of Gozag.
  5463 | D:7      | Noticed Joseph
  5485 | D:7      | Killed Joseph
  5486 | D:7      | Reached skill level 5 in Fighting
  5788 | D:7      | Reached skill level 11 in Axes
  5828 | D:7      | Found Pireas Dykh's Weapon Shop.
  6321 | D:8      | Noticed a boulder beetle
  6346 | D:8      | Killed a boulder beetle
  6446 | D:8      | Found a burning altar of Makhleb.
  6537 | D:8      | Found a white marble altar of Elyvilon.
  6547 | D:8      | Reached skill level 12 in Axes
  6547 | D:8      | Reached XP level 10. HP: 47/91 MP: 8/8
  6610 | D:8      | Became a worshipper of Makhleb the Destroyer
  6904 | D:8      | Found a staircase to the Lair.
  6940 | D:8      | Reached * piety under Makhleb
  6960 | D:8      | Identified a scroll of acquirement
  6960 | D:8      | Acquired the ring of Iniumig {Str+3 Dex+6 SInv}
  6983 | Lair:1   | Entered Level 1 of the Lair of Beasts
  7154 | Lair:1   | Noticed Fannar
  7172 | Lair:1   | Killed Fannar
  7173 | Lair:1   | Reached skill level 1 in Maces & Flails
  7392 | Lair:1   | Noticed a cane toad
  7403 | Lair:1   | Killed a cane toad
  7513 | Lair:1   | Noticed Maggie
  7520 | Lair:1   | Killed Maggie
  7553 | Lair:1   | Noticed a cane toad
  7560 | Lair:1   | Killed a cane toad
  7581 | Lair:1   | Noticed a cane toad
  7590 | Lair:1   | Killed a cane toad
  7591 | Lair:1   | Reached skill level 5 in Dodging
  7979 | D:9      | Noticed Grum
  7987 | D:9      | Reached XP level 11. HP: 42/97 MP: 7/7
  7992 | D:9      | Killed Grum
  7993 | D:9      | Reached skill level 1 in Invocations
  7994 | D:9      | Found a blossoming altar of Fedhas.
  8072 | D:9      | Noticed a two-headed ogre
  8085 | D:9      | Killed a two-headed ogre
  8708 | D:10     | Entered Level 10 of the Dungeon
  8717 | D:10     | Reached ** piety under Makhleb
  8732 | D:10     | Reached skill level 10 in Armour
  8736 | D:10     | Found a staircase to the Orcish Mines.
  9102 | D:10     | Found Asazus's Weapon Shoppe.
  9267 | D:10     | Reached *** piety under Makhleb
  9357 | D:11     | Reached skill level 1 in Evocations
  9449 | D:11     | Reached **** piety under Makhleb
  9451 | D:11     | Reached skill level 13 in Axes
  9550 | D:11     | Noticed an eight-headed hydra
  9566 | D:11     | Killed a 16-headed hydra
  9672 | D:11     | Noticed a red ugly thing
  9684 | D:11     | Killed a red ugly thing
  9816 | D:11     | Noticed a four-headed hydra
  9834 | D:11     | Killed a four-headed hydra
  9852 | D:11     | Found a portal to a secret trove of treasure.
  9965 | D:12     | Noticed an unseen horror
  9973 | D:12     | Killed an unseen horror
  9974 | D:12     | Reached XP level 12. HP: 96/110 MP: 9/9
 10068 | D:12     | Noticed a boulder beetle
 10083 | D:12     | Killed a boulder beetle
 10084 | D:12     | Reached skill level 5 in Maces & Flails
 10084 | D:12     | Reached skill level 5 in Evocations
 10435 | D:12     | Reached ***** piety under Makhleb
 10642 | D:13     | Noticed a boulder beetle
 10703 | D:13     | Killed a boulder beetle
 10824 | Orc:1    | Entered Level 1 of the Orcish Mines
 10824 | Orc:1    | Noticed Snorg
 10839 | Orc:1    | Slain by Snorg

Illustrated notes

Levels and vault maps discovered:
D:1:      lemuel_arrival_hallway, layout_basic, minmay_misc_feat_diagonals,
          st_stairs_10
D:2:      layout_rooms
D:3:      layout_basic
D:4:      layout_loops_cross, nicolae_overflow_crystal_walls,
          nicolae_qazlal_general_emergency, st_stairs_2,
          kennysheep_opposing_triangles, uniq_ijyb
D:5:      layout_loops_ring, bloody_trog, biasface_ghost_orc_armoury,
          grunt_decor_clamped
D:6:      layout_basic, lemuel_round_altar, minmay_temple_entry_proselytizer,
          portal_sewer_entry_f
D:7:      layout_cave_pods, serial_shops, kennysheep_mini, uniq_joseph
D:8:      layout_rooms, elyvilon_altar_5, lemuel_coloured_pillars_altar,
          lair_entry_dummy, special_room [special_room_orc]
D:9:      layout_basic, fedhas_ov_isle_minmay, uniq_grum
D:10:     layout_basic, erik_orc_4, serial_shops, shop_statue,
          serial_park_tiny_2
D:11:     layout_roguey, enter_trove_3, st_stairs_14
D:12:     layout_loops_cross, minmay_misc_feat_four_crosses
D:13:     layout_irregular_city, serial_shops, shop_statue, uniq_frances
Temple:   regret_index_temple_sphere_string
Lair:1:   layout_roguey, beast_lair_carwin_6, uniq_fannar, uniq_maggie
Orc:1:    layout_diamond_mine, uniq_snorg

Skill      XL: |  1  2  3  4  5  6  7  8  9 10 11 12 |
---------------+-------------------------------------+-----
Axes           | 3 4 5 6 7 8 10 12 13 | 13.5
Dodging        | 1 5 |  5.4
Fighting       | 3 4 6 7 |  7.6
Armour         | 4 6 7 9 10 11 | 11.6
Shields        | 4 |  4.5
Maces & Flails | 4 6 |  6.3
Invocations    | 4 |  4.0
Evocations     | 4 7 |  7.0
Stealth        | |  0.4

Action                   |  1- 3 |  4- 6 |  7- 9 | 10-12 || total
-------------------------+-------+-------+-------+-------++-------
Melee: War axe           |   117 |   213 |    56 |       ||   386
       Battleaxe         |       |       |   180 |   311 ||   491
       Flail             |       |       |       |   213 ||   213
 Abil: Heal Wounds       |     1 |     2 |     5 |    24 ||    32
Evoke: Wand              |       |       |       |     2 ||     2
  Use: Scroll            |       |     4 |     8 |     8 ||    20
       Potion            |       |       |     9 |    16 ||    25
 Stab: Invisible         |       |       |     1 |       ||     1
Armor: Scale mail        |    71 |    88 |   131 |   251 ||   541
       Skin              |       |     2 |       |    19 ||    21
Dodge: Dodged            |    47 |    74 |   136 |   399 ||   656
Block: Kite shield       |    72 |    95 |    35 |   120 ||   322
